 Dungeon Crawl Stone Soup version 0.20.0-15-g7f486f2 (webtiles) character file.

14779 Jmtistic the Brawler (level 11, -6/107 HPs)
             Began as a Troll Hunter on June 10, 2017.
             Was a High Priest of Elyvilon.
             Mangled by a black mamba (9 damage)
             ... on level 1 of the Lair of Beasts on June 11, 2017.
             The game lasted 00:50:53 (10530 turns).

Jmtistic the Brawler (Troll Hunter)                Turns: 10530, Time: 00:50:54

Health: -6/107     AC:  5    Str: 24    XL:     11   Next: 93%
Magic:  13/13      EV:  6    Int: 14    God:    Elyvilon [*****.]
Gold:   682        SH:  7    Dex:  7    Spells: 10/10 levels left

rFire    . . .     SeeInvis .     - Unarmed
rCold    . . .     Gourm    +   L - +0 shield
rNeg     . . .     Faith    +   c - +0 robe
rPois    .         Spirit   .   (helmet restricted)
rElec    +         Reflect  .   (no cloak)
rCorr    .         Harm     .   (gloves unavailable)
MR       +....                  (boots unavailable)
Stlth    +.........             D - amulet of faith
Regen    0.7/turn               t - ring "Letih" {rElec Int+7 Dex-4 Slay+4}
MPRegen  0.2/turn               i - ring of protection from magic

@: lethally poisoned (-6 -> -8), hasted, very quick
A: unfitting armour, claws 3, fast metabolism 3, gourmand, regeneration 1,
shaggy fur 1, tough skin 2
a: Lesser Healing, Heal Other, Purification, Greater Healing, Divine Vigour,
Divine Protection, Renounce Religion


You were on level 1 of the Lair of Beasts.
You worshipped Elyvilon.
Elyvilon was extremely pleased with you.
You were full.

You visited 3 branches of the dungeon, and saw 13 of its levels.

You collected 682 gold pieces.

Inventory:

Hand Weapons
 a - a +2 shortbow
Missiles
 d - 175 arrows
Armour
 c - a +0 robe (worn)
 L - a +0 shield (worn)
Jewellery
 i - a ring of protection from magic (right claw)
 p - an uncursed ring of fire
 t - the ring "Letih" (left claw) {rElec Int+7 Dex-4 Slay+4}
   (You found it on level 6 of the Dungeon)

   [ring of slaying]

   It affects your intelligence (+7).
   It affects your dexterity (-4).
   It affects your accuracy and damage with ranged weapons and melee attacks
   (+4).
   It insulates you from electricity.
 A - an uncursed ring of see invisible
 D - an amulet of faith (around neck)
 O - an uncursed ring of stealth
Wands
 j - a wand of lightning (4/15)
 s - a wand of flame (33/48)
 G - a wand of paralysis (10/24)
 I - a wand of acid (12/15)
 N - a wand of acid (6/15)
Scrolls
 h - a scroll of identify
 l - 2 scrolls of fear
 m - 4 scrolls of blinking
 q - 2 scrolls of remove curse
 y - 2 scrolls of enchant weapon
 z - a scroll of teleportation
 H - 3 scrolls of immolation
Potions
 b - a potion of curing
 g - 2 potions of magic
 o - 2 potions of invisibility
 r - a potion of heal wounds {unknown}
 v - 2 potions of cancellation
 w - a potion of might {unknown}
 B - 2 potions of agility {unknown}
 E - 2 potions of brilliance
 F - a potion of lignification {unknown}
Books
 J - a book of Geomancy

   Spells                             Type                      Level
   a - Sandblast                      Earth                        1
   b - Passwall                       Transmutation/Earth          2
   c - Stone Arrow                    Conjuration/Earth            3
   d - Petrify                        Transmutation/Earth          4
   e - Lee's Rapid Deconstruction     Earth                        5
Comestibles
 f - 16 bread rations
 k - 7 meat rations
 u - 14 fruits
 x - 3 royal jellies


   Skills:
 * Level 6.7 Fighting
   Level 0.2 Short Blades
 - Level 3.1 Bows
 - Level 1.6 Dodging
 - Level 0.3 Stealth
 * Level 15.9 Unarmed Combat
 * Level 4.6 Invocations


You had 10 spell levels left.
You didn't know any spells.

Dungeon Overview and Level Annotations

Branches:
Dungeon (11/15)            Temple (1/1) D:6            Lair (1/6) D:10
    Orc (0/2) D:11

Altars:
Ashenzari
Cheibriados
Elyvilon
Gozag
Kikubaaqudgha
Nemelex Xobeh
Qazlal
Ru
Sif Muna
Trog
Vehumet
Xom
Yredelemnul
Zin
The Shining One

Annotations:
D:10 Erolcha


Innate Abilities, Weirdness & Mutations

You are too large for most types of armour.
You have claws for hands.
Your metabolism is lightning-fast.
You like to eat raw meat.
Your natural rate of healing is unusually fast.
You are covered in fur. (AC +1)
You have very tough skin. (AC +2)


Message History

You feel sick. The black mamba bites you!
* * * LOW HITPOINT WARNING * * *
You feel better. The black mamba bites you!
* * * LOW HITPOINT WARNING * * *
You are poisoned.
The black mamba poisons you! The black mamba closely misses you.
You feel better.
You hear the rapid rumble of a very distant avalanche of rocks.
The black mamba barely misses you. The black mamba bites you!
* * * LOW HITPOINT WARNING * * *
You are poisoned.
The black mamba poisons you!
You barely miss the black mamba.
The black mamba is moderately wounded.
* * * LOW HITPOINT WARNING * * *
You feel sick. You block the black mamba's attack.
It was a potion of haste.
You feel yourself speed up.
* * * LOW HITPOINT WARNING * * *
You feel sick. You block the black mamba's attack. The black mamba bites you!
You die...

. #.. ### ### ##
#..(##$####S# .#
#.....#.SS## ##
#####.†.##@### ###.#
#######..#
#####..####### #.##
..#...#...##.# ##..#
.....####....###.###
.#.### ####.....#
.##### #######
.P...## ......#


You could see a black mamba and 2 water moccasins.

Vanquished Creatures
  2 two-headed ogres
  2 unseen horrors (D:10)
  A cyclops (D:9)
  An ugly thing (D:11)
  3 black mambas (Lair:1)
  Maurice (D:9)
  A gargoyle (D:10)
  A tengu conjurer (D:8)
  A troll (D:11)
  Grinder (D:6)
  4 hippogriffs
  A spriggan (D:8)
  13 yaks
  A basilisk (D:10)
  A hungry ghost (D:9)
  4 water moccasins
  4 porcupines (D:10)
  An orc warrior (D:9)
  4 ice beasts
  3 sky beasts
  3 phantoms
  2 necrophages
  A hornet zombie (D:9)
  3 black bears (D:10)
  7 wolves
  3 centaurs
  An ogre (D:10)
  4 crocodiles
  A big kobold (D:11)
  9 bullfrogs
  2 gnoll sergeants
  6 scorpions
  4 howler monkeys
  14 wights
  3 crimson imps
  A quasit (D:10)
  5 hounds
  A centaur skeleton (D:10)
  6 orc priests
  A jelly (D:8)
  5 orc wizards
  2 iguanas
  8 worker ants
  A killer bee zombie (D:10)
  A hound skeleton (D:5)
  11 gnolls
  16 adders
  4 river rats (D:7)
  A shadow imp (D:5)
  An ooze (D:2)
  An adder skeleton (D:7)
  3 worms
  4 dart slugs
  5 leopard geckos
  32 orcs
  2 ball pythons
  3 giant cockroaches
  8 goblins
  9 hobgoblins
  8 jackals
  10 kobolds
  3 quokkas
  5 bats
  4 frilled lizards
  2 leopard gecko skeletons
  A leopard gecko zombie (D:8)
  A quokka skeleton (D:5)
  6 rats
284 creatures vanquished.

Vanquished Creatures (others)
  2 plants (D:10)
2 creatures vanquished.

Grand Total: 286 creatures vanquished

Notes
Turn   | Place    | Note
-------+----------+-------------------------------------------
     0 | D:1      | Jmtistic the Troll Hunter began the quest for the Orb.
     0 | D:1      | Reached XP level 1. HP: 19/19 MP: 0/0
   162 | D:1      | Reached XP level 2. HP: 28/28 MP: 1/1
   858 | D:2      | Reached XP level 3. HP: 35/35 MP: 2/2
  1200 | D:2      | Reached skill level 1 in Unarmed Combat
  1416 | D:2      | Reached XP level 4. HP: 44/44 MP: 3/3
  1740 | D:3      | Noticed a sky beast
  1780 | D:3      | Found a snail-covered altar of Cheibriados.
  1854 | D:3      | Killed a sky beast
  1854 | D:3      | Reached skill level 3 in Unarmed Combat
  1854 | D:3      | Reached XP level 5. HP: 40/53 MP: 4/4
  2429 | D:4      | Reached skill level 4 in Unarmed Combat
  2429 | D:4      | Reached XP level 6. HP: 32/61 MP: 5/5
  2643 | D:4      | Reached skill level 5 in Unarmed Combat
  2897 | D:5      | Entered Level 5 of the Dungeon
  3139 | D:5      | Reached XP level 7. HP: 61/67 MP: 6/6
  3396 | D:5      | Reached skill level 6 in Unarmed Combat
  3479 | D:5      | Found a radiant altar of Vehumet.
  3512 | D:6      | Noticed Grinder
  3520 | D:6      | Killed Grinder
  3526 | D:6      | Reached skill level 7 in Unarmed Combat
  3645 | D:6      | Reached XP level 8. HP: 74/77 MP: 7/7
  3685 | D:6      | Found a staircase to the Ecumenical Temple.
  3691 | Temple   | Entered the Ecumenical Temple
  3746 | Temple   | Became a worshipper of Elyvilon the Healer
  3825 | D:6      | Reached skill level 8 in Unarmed Combat
  4146 | D:6      | Reached * piety under Elyvilon
  4224 | D:6      | Got a warped glass ring
  4510 | D:7      | Reached skill level 9 in Unarmed Combat
  4750 | D:7      | Found a basalt altar of Yredelemnul.
  5076 | D:7      | Found a sacrificial altar of Ru.
  5223 | D:8      | Identified the ring "Letih" {rElec Int+7 Dex-4 Slay+4} (You found it on level 6 of the Dungeon)
  5265 | D:8      | Reached ** piety under Elyvilon
  5399 | D:8      | Noticed a hippogriff
  5407 | D:8      | Killed a hippogriff
  5407 | D:8      | Reached skill level 10 in Unarmed Combat
  5407 | D:8      | Reached XP level 9. HP: 47/86 MP: 8/8
  5678 | D:8      | Noticed a two-headed ogre
  5682 | D:8      | Killed a two-headed ogre
  5682 | D:8      | Reached skill level 5 in Fighting
  5682 | D:8      | Reached skill level 11 in Unarmed Combat
  5682 | D:8      | Reached skill level 1 in Invocations
  5763 | D:8      | Reached *** piety under Elyvilon
  5820 | D:8      | Found a shimmering altar of Xom.
  5946 | D:8      | Noticed a tengu conjurer
  5957 | D:8      | Killed a tengu conjurer
  6405 | D:8      | Reached skill level 12 in Unarmed Combat
  6683 | D:9      | Reached XP level 10. HP: 76/95 MP: 10/10
  6827 | D:9      | Noticed Maurice
  6895 | D:9      | Killed Maurice
  6942 | D:9      | Found an ancient bone altar of Kikubaaqudgha.
  6944 | D:9      | Found a bloodstained altar of Trog.
  6944 | D:9      | Found a glowing golden altar of the Shining One.
  7170 | D:9      | Reached **** piety under Elyvilon
  7253 | D:9      | Noticed a cyclops
  7273 | D:9      | Killed a cyclops
  7273 | D:9      | Reached skill level 13 in Unarmed Combat
  7588 | D:10     | Entered Level 10 of the Dungeon
  7857 | D:10     | Reached skill level 14 in Unarmed Combat
  7932 | D:10     | Reached XP level 11. HP: 90/105 MP: 12/12
  8009 | D:10     | Found a staircase to the Lair.
  8324 | D:10     | Noticed an unseen horror
  8327 | D:10     | Killed an unseen horror
  8554 | D:10     | Noticed a two-headed ogre
  8557 | D:10     | Noticed Erolcha
  8626 | D:10     | Noticed an unseen horror
  8633 | D:10     | Killed an unseen horror
  8870 | D:11     | Found a staircase to the Orcish Mines.
  9238 | D:11     | Reached ***** piety under Elyvilon
  9291 | D:11     | Noticed a cyan ugly thing
  9302 | D:11     | Killed a cyan ugly thing
  9302 | D:11     | Reached skill level 15 in Unarmed Combat
  9685 | D:11     | Noticed a two-headed ogre
  9698 | D:11     | Killed a two-headed ogre
  9904 | Lair:1   | Entered Level 1 of the Lair of Beasts
 10528 | Lair:1   | HP: 5/107 [black mamba (15)]
 10530 | Lair:1   | Mangled by a black mamba

Skill      XL: |  1  2  3  4  5  6  7  8  9 10 11 |
---------------+----------------------------------+-----
Bows           | 3 |  3.1
Fighting       | 2 3 4 5 6 |  6.7
Unarmed Combat | 1 3 4 5 7 10 12 14 15 | 15.9
Invocations    | 2 3 4 |  4.6
Short Blades   | |  0.2
Dodging        | |  1.6
Stealth        | |  0.3

Action                   |  1- 3 |  4- 6 |  7- 9 | 10-12 || total
-------------------------+-------+-------+-------+-------++-------
Melee: Short sword       |    28 |     4 |       |       ||    32
       Unarmed           |    38 |   161 |   209 |   374 ||   782
       Punch             |       |     2 |     4 |     9 ||    15
 Fire: Shortbow          |    39 |    15 |     9 |       ||    63
Invok: Purification      |       |       |       |     1 ||     1
  Use: Scroll            |       |     8 |       |    13 ||    21
       Potion            |       |       |       |     3 ||     3
 Stab: Sleeping          |     1 |       |     1 |       ||     2
  Eat: Chunk             |    19 |    15 |    29 |    39 ||   102
Armor: Robe              |    27 |    50 |    36 |    66 ||   179
Dodge: Dodged            |    49 |    74 |    67 |   142 ||   332
Block: Shield            |       |       |       |    10 ||    10
